Map: Heavy Artillery LE

Players

qqq - Winner!

  • Race: Zerg Zerg
  • League: Platinum
  • Spawn Location: 3:00

Massa - Winner!

  • Race: Terran Terran
  • League: Platinum
  • Spawn Location: 1:00

thrilos

  • Race: Terran Terran
  • Spawn Location: 7:00

ÐěŗĐěůţŝċħę

  • Race: Protoss Protoss
  • League: Master
  • Spawn Location: 7:00

VOD

Have the link to the VOD?

Description

Time

  • Played on: Jan. 17, 2021, 4:14 p.m.
  • Length: 20:46
Show
View Real Time Build Order
Export as new Build Order

qqq Zerg - Winner!

Build Orders: Hatch First, Brood Lord Corruptor 

Get SALT Encoding   

  12  0:00  Drone  
  13  0:08  Drone  
  14  0:16  Overlord  
  14  0:46  Hatchery  
  13  0:50  Drone  
  13  0:52  Drone  
  13  0:55  Extractor  
  14  0:57  Drone  
  15  1:28  Drone, Spawning Pool  
  15  1:39  Drone  
  16  1:45  Drone  
  17  1:50  Extractor  
  17  1:59  Drone x2  
  19  2:01  Drone  
  19  2:05  Drone  
  21  2:11  Drone  
  22  2:20  Lair  
  22  2:29  Queen  
  22  2:32  Drone  
  22  2:35  Drone  
  26  2:40  Overlord  
  26  2:44  Drone  
  27  2:49  Overlord  
  27  2:51  Drone  
  27  2:55  Extractor, Drone  
  28  3:00  Drone  
  28  3:03  Drone  
  28  3:04  Drone  
  31  3:16  Drone  
  31  3:17  Drone  
  33  3:24  Drone  
  33  3:26  Drone, Spire  
  34  3:40  Hatchery  
  33  3:45  Drone  
  33  3:47  Queen  
  36  3:49  Overlord  
  36  3:51  Drone  
  36  3:54  Drone  
  38  3:55  Drone  
  38  3:57  Drone  
  38  3:59  Drone  
  41  4:15  Drone x2  
  43  4:19  Overlord  
  43  4:30  Extractor  
  42  4:32  Extractor  
  25  4:50  Drone  
  25  4:51  Drone x5  
  25  4:52  Mutalisk x3  
  31  5:06  Drone  
  31  5:07  Drone  
  31  5:08  Drone x2  
  34  5:16  Mutalisk  
  34  5:19  Drone x2  
  38  5:27  Drone  
  39  5:28  Drone  
  40  5:36  Infestation Pit  
  40  5:37  Drone x2  
  40  5:38  Drone  
  42  5:55  Mutalisk  
  42  5:56  Drone x3  
  47  5:57  Drone  
  47  5:58  Drone x2  
  48  6:26  Hive  
  48  6:27  Drone x4  
  48  6:28  Drone x3  
  48  6:29  Drone x3  
  56  6:33  Pneumatized Carapace  
  56  6:43  Drone x2  
  58  6:50  Spore Crawler  
  58  6:51  Spore Crawler  
  58  6:52  Drone x2  
  58  6:54  Overlord  
  58  6:55  Overlord  
  58  7:10  Hatchery  
  58  7:12  Overseer x2  
  57  7:16  Spore Crawler  
  57  7:17  Spore Crawler  
  57  7:18  Drone x3  
  57  7:20  Extractor  
  57  7:21  Drone x2, Extractor  
  58  7:30  Mutalisk x2  
  58  7:32  Mutalisk  
  58  7:33  Drone  
  65  7:38  Greater Spire  
  65  7:40  Mutalisk  
  65  7:42  Drone x2  
  65  7:43  Drone  
  70  7:48  Drone  
  70  7:50  Hatchery  
  70  7:54  Drone  
  70  7:56  Drone  
  70  7:57  Drone  
  70  7:58  Drone  
  74  8:06  Overlord x4  
  74  8:24  Drone x2  
  74  8:25  Drone x2  
  74  8:26  Corruptor x4  
  86  8:34  Drone, Mutalisk  
  87  8:35  Corruptor  
  91  8:48  Drone x2  
  91  8:54  Hatchery  
  92  8:57  Corruptor  
  94  9:03  Brood Lord x2  
  94  9:06  Brood Lord  
  94  9:07  Hatchery  
  99  9:10  Brood Lord  
  99  9:13  Drone x2  
  99  9:14  Drone  
  99  9:15  Drone  
  105  9:20  Queen  
  107  9:28  Spore Crawler  
  106  9:31  Spine Crawler  
  106  9:32  Drone x2  
  106  9:33  Drone  
  106  9:35  Drone  
  109  9:42  Corruptor  
  109  9:44  Overlord x3  
  109  9:45  Overlord x2  
  111  10:02  Drone  
  111  10:03  Drone, Corruptor x3  
  111  10:04  Corruptor x2  
  123  10:07  Brood Lord  
  123  10:10  Zerg Flyer Weapons Level 1  
  125  10:16  Drone  
  125  10:19  Drone x2, Spire  
  127  10:26  Drone  
  128  10:31  Corruptor x2  
  132  10:38  Corruptor  
  132  10:41  Drone x4  
  138  10:44  Drone x3  
  138  10:47  Spine Crawler  
  138  10:48  Spine Crawler  
  138  10:49  Spine Crawler  
  138  10:53  Drone  
  138  10:54  Drone  
  140  10:57  Spore Crawler  
  140  10:58  Spine Crawler  
  140  11:00  Drone  
  140  11:01  Drone  
  140  11:03  Brood Lord x2  
  146  11:04  Brood Lord  
  146  11:13  Hatchery  
  145  11:19  Extractor x2  
  145  11:20  Drone  
  145  11:21  Drone  
  145  11:22  Drone x5  
  145  11:23  Drone  
  151  11:26  Brood Lord x2  
  155  11:33  Zerg Flyer Armor Level 1  
  155  11:34  Drone x3  
  155  11:36  Zergling x8  
  155  11:37  Zergling x4  
  155  11:38  Extractor  
  163  11:40  Spore Crawler  
  163  11:41  Extractor  
  163  11:42  Spine Crawler  
  163  11:43  Spine Crawler, Overlord x5  
  163  11:44  Overlord  
  163  11:45  Drone  
  163  11:46  Drone  
  162  11:47  Drone  
  162  11:48  Drone x2  
  164  12:00  Corruptor  
  164  12:01  Corruptor x3  
  164  12:04  Drone x4  
  171  12:40  Corruptor x6  
  158  13:07  Corruptor x5  
  158  13:09  Drone x6  
  158  13:10  Drone x6  
  172  13:23  Zerg Flyer Weapons Level 2  
  171  13:27  Drone x7  
  171  13:31  Brood Lord  
  179  13:36  Hatchery  
  179  13:40  Mutalisk  
  180  13:41  Zergling x4  
  180  13:42  Zergling x6  
  185  13:52  Brood Lord  
  185  13:54  Drone x6  
  185  13:55  Drone x5  
  198  14:03  Drone  
  198  14:08  Viper  
  200  14:23  Spine Crawler  
  199  14:25  Spore Crawler  
  199  14:26  Extractor  
  199  14:27  Spine Crawler, Spore Crawler  
  199  14:28  Spore Crawler  
  199  14:29  Extractor  
  199  14:30  Extractor  
  192  14:33  Overseer  
  192  14:34  Overseer x2  
  192  14:40  Brood Lord x4  
  192  15:50  Brood Lord x2, Viper  
  171  16:32  Corruptor x6  
  163  16:35  Brood Lord x4  
  170  16:41  Zerg Flyer Weapons Level 3  
  150  16:59  Corruptor  
  150  17:00  Corruptor x3  
  153  17:01  Drone x4  
  153  17:02  Drone x5  
  162  17:11  Viper  
  159  17:20  Hatchery  
  159  17:21  Spore Crawler  
  159  17:22  Spore Crawler  
  154  17:24  Drone x3, Spore Crawler  
  154  17:29  Brood Lord x2  
  160  17:31  Drone x4  
  159  17:41  Drone x5  
  156  17:44  Spore Crawler  
  156  17:46  Spore Crawler  
  156  17:48  Spore Crawler x3  
  156  17:49  Spore Crawler  
  149  17:53  Corruptor x3  
  149  17:54  Corruptor  
  149  17:55  Drone x3  
  149  17:58  Spore Crawler  
  156  18:00  Spore Crawler  
  156  18:01  Extractor, Spore Crawler  
  156  18:04  Hatchery  
  150  18:22  Drone  
  150  18:23  Drone x3  
  150  18:26  Hatchery  
  153  18:35  Drone x2  
  153  18:36  Drone, Corruptor x5  
  153  18:37  Corruptor  
  168  19:01  Extractor  
  161  19:16  Metabolic Boost  
  159  19:23  Drone x3  
  159  19:24  Drone x4  
  165  19:29  Brood Lord x3  
  165  19:30  Corruptor  
  175  19:31  Zergling x8  
  175  19:32  Zergling x2, Overlord  
  179  19:56  Spore Crawler  
  179  19:57  Spore Crawler  
  179  19:58  Spore Crawler  
  176  20:00  Spore Crawler  
  176  20:01  Drone x3  
  176  20:03  Spore Crawler  
  176  20:04  Spore Crawler  
  176  20:05  Spore Crawler  
  176  20:07  Spore Crawler x4  
  174  20:09  Spore Crawler x3  
  174  20:10  Drone x6  
  174  20:11  Drone x3  
  174  20:14  Drone x2  
  179  20:25  Zergling x4  
Show
View Real Time Build Order
Export as new Build Order

Massa Terran - Winner!

Build Orders:  

Get SALT Encoding   

  12  0:00  SCV  
  13  0:12  SCV  
  14  0:24  SCV, Supply Depot  
  15  0:45  SCV  
  15  0:47  Barracks  
  16  0:57  SCV  
  16  1:02  Refinery  
  17  1:09  SCV  
  18  1:22  SCV  
  19  1:34  Orbital Command  
  19  1:35  Marine  
  19  1:38  Bunker  
  20  1:53  Marine  
  21  1:59  SCV  
  21  2:00  Supply Depot  
  22  2:08  Factory  
  22  2:13  Marine  
  23  2:24  Command Center  
  23  2:30  Marine  
  23  2:35  Engineering Bay  
  23  2:36  SCV  
  25  3:01  SCV, Barracks Tech Lab  
  26  3:06  Refinery  
  26  3:07  Starport  
  26  3:10  Missile Turret  
  26  3:16  Factory Tech Lab  
  26  3:30  SCV  
  27  3:39  Marauder  
  29  3:41  Cyclone  
  29  3:42  SCV  
  29  3:43  Orbital Command  
  29  3:47  Starport Tech Lab  
  33  3:54  SCV  
  34  4:00  Marauder  
  36  4:03  Supply Depot  
  36  4:06  SCV  
  37  4:10  Stimpack  
  37  4:18  SCV  
  38  4:29  Marauder  
  38  4:30  SCV  
  41  4:32  Widow Mine  
  43  5:07  Marauder  
  43  5:10  Siege Tank  
  43  5:11  SCV x2  
  50  5:20  Command Center  
  50  5:21  Supply Depot  
  50  5:23  SCV x2  
  50  5:24  Refinery, Terran Infantry Armor Level 1  
  50  5:28  Armory  
  52  5:31  Engineering Bay  
  52  5:35  SCV x2  
  54  5:43  Marauder  
  54  5:46  Barracks, Supply Depot  
  56  5:52  Barracks  
  56  6:06  Marauder, Concussive Shells  
  58  6:12  Supply Depot  
  58  6:15  SCV x2  
  60  6:23  Siege Tank  
  63  6:27  SCV x2, Marauder  
  67  6:39  SCV  
  68  6:49  Marauder  
  68  6:51  SCV x3  
  68  6:52  Refinery, Missile Turret  
  73  6:57  Medivac  
  75  7:03  SCV x2  
  77  7:10  Combat Shield  
  77  7:18  Terran Infantry Weapons Level 1  
  77  7:27  Medivac  
  77  7:29  Missile Turret  
  79  7:33  Sensor Tower  
  79  7:36  Barracks Reactor x2  
  79  7:37  Missile Turret  
  79  7:42  Siege Tank  
  82  7:56  Ghost Academy  
  82  8:02  Terran Infantry Armor Level 2  
  82  8:07  SCV x2  
  84  8:18  Marine x2  
  84  8:19  SCV x2  
  88  8:20  Marauder  
  88  8:26  Siege Tank  
  93  8:34  Supply Depot  
  93  8:36  Enhanced Shockwaves  
  93  8:37  Supply Depot  
  93  8:38  Supply Depot  
  93  8:40  Supply Depot  
  93  8:43  Supply Depot  
  93  8:50  Planetary Fortress  
  93  8:52  Missile Turret  
  93  8:56  SCV x2, Marine x2, Missile Turret  
  93  9:00  Supply Depot  
  93  9:02  Supply Depot  
  97  9:04  Sensor Tower  
  97  9:08  SCV x2  
  99  9:13  Siege Tank  
  102  9:20  SCV x2, Terran Infantry Weapons Level 2  
  104  9:25  Refinery  
  104  9:26  Refinery  
  104  9:32  SCV x2  
  104  9:33  Command Center  
  106  9:39  SCV  
  106  9:44  SCV x2, Terran Vehicle Weapons Level 1  
  109  9:51  SCV  
  110  9:56  SCV x2, Ghost  
  114  10:03  SCV  
  115  10:11  Barracks  
  115  10:12  Barracks x2, Command Center  
  115  10:15  Barracks  
  115  10:20  Marine  
  115  10:21  Marine x3  
  117  10:25  Ghost  
  121  10:38  Marine x2  
  121  10:39  Marine x2  
  121  10:41  Thor  
  131  10:43  Smart Servos  
  131  10:50  Terran Infantry Armor Level 3  
  131  10:53  Ghost  
  133  11:01  Planetary Fortress  
  133  11:02  Missile Turret  
  133  11:10  SCV x3  
  136  11:20  Barracks Tech Lab x2  
  136  11:22  Barracks Tech Lab, SCV  
  136  11:23  Barracks Tech Lab  
  136  11:25  Planetary Fortress  
  137  11:27  Missile Turret  
  137  11:29  SCV x2  
  139  11:34  SCV  
  140  11:41  SCV x2  
  140  11:42  Terran Infantry Weapons Level 3, Personal Cloaking  
  140  11:46  SCV  
  143  11:47  Missile Turret  
  143  11:55  Missile Turret  
  143  11:59  Missile Turret  
  141  12:09  Missile Turret  
  141  12:14  Marine  
  141  12:15  Marauder x3, Marine  
  149  12:39  Ghost x4  
  149  12:41  Marine x2  
  123  12:59  Marine x2  
  125  13:08  SCV, Marauder x3, Marine  
  130  13:17  Marine  
  119  13:21  SCV  
  115  13:33  SCV  
  102  13:42  Missile Turret  
  102  13:43  Missile Turret x2  
  102  13:44  Missile Turret  
  102  13:45  SCV  
  103  13:53  Marauder x2, Ghost  
  103  13:54  Ghost  
  103  13:55  Marine x2  
  110  13:57  SCV  
  106  14:05  Factory x2  
  106  14:06  Factory  
  106  14:12  Medivac  
  106  14:13  Marine x2  
  106  14:14  Factory, Ghost  
  106  14:15  Marauder  
  114  14:17  SCV x3  
  114  14:18  SCV x2  
  114  14:23  Marauder x2  
  123  14:42  Medivac  
  125  15:02  Factory Tech Lab x2  
  125  15:05  Thor  
  131  15:12  Medivac  
  116  15:31  Marauder x3, Marine  
  116  15:32  Marauder, Marine  
  116  15:34  Thor x2  
  122  15:42  Medivac  
  123  15:48  Thor  
  123  15:49  Marine x2  
  128  15:52  Marauder, Marine x2  
  128  15:53  Marauder  
  135  16:07  Marine  
  136  16:12  Medivac  
  136  16:17  Thor x2  
  141  16:23  Marauder  
  141  16:24  Marauder  
  139  16:28  Marauder  
  139  16:29  Marauder  
  139  16:30  Marine x2  
  139  16:32  Thor  
  149  16:42  SCV, Missile Turret  
  149  16:43  SCV x3, Missile Turret  
  149  16:44  Missile Turret  
  149  16:45  Marauder  
  155  16:47  Refinery  
  155  16:48  Refinery, Marine  
  155  16:50  Terran Vehicle Weapons Level 2, Supply Depot x2  
  155  16:51  Supply Depot  
  155  16:53  Armory, Supply Depot  
  156  17:04  Missile Turret  
  156  17:11  Marine x2, Ghost, Thor  
  156  17:12  SCV x4, Marauder  
  156  17:13  Marauder, Thor  
  156  17:14  Ghost  
  182  17:24  SCV x3  
  182  17:29  Marine  
  186  17:33  Marauder  
  188  17:40  Marauder, Marine  
  120  18:56  Marauder x2  
  120  18:57  Marauder x2, Marine x2  
  120  19:02  Medivac  
  124  19:15  Marine x2  
  126  19:17  Ghost x2  
  126  19:18  Marauder x2  
  131  19:32  Medivac  
  131  19:33  Marine  
  121  19:39  Marauder x2  
  125  19:46  Marauder  
  125  19:49  Thor  
  125  19:50  Thor x2  
  145  20:02  Medivac  
  147  20:10  Missile Turret  
  147  20:12  Missile Turret  
  147  20:15  Missile Turret  
  160  20:42  Refinery  
Show
View Real Time Build Order
Export as new Build Order

thrilos Terran 

Build Orders:  

Get SALT Encoding   

  12  0:05  SCV  
  13  0:18  SCV  
  14  0:26  Supply Depot  
  14  0:30  SCV  
  14  0:33  Refinery  
  15  0:47  SCV  
  16  0:59  SCV, Barracks  
  17  1:11  SCV  
  18  1:24  SCV  
  19  1:39  SCV  
  20  1:48  Factory  
  20  1:52  Orbital Command  
  20  1:57  Barracks Reactor  
  20  2:03  Command Center  
  20  2:11  Supply Depot  
  20  2:18  SCV  
  21  2:31  SCV  
  22  2:41  Starport  
  22  2:43  Hellion x2  
  26  2:47  Supply Depot  
  26  2:48  SCV  
  27  3:04  SCV, Hellion  
  30  3:09  Hellion  
  32  3:18  Medivac  
  34  3:21  Refinery, SCV  
  34  3:25  Orbital Command  
  35  3:27  Barracks Tech Lab  
  35  3:33  SCV  
  36  3:45  Widow Mine x2  
  40  4:01  Viking  
  42  4:03  SCV  
  42  4:06  SCV  
  44  4:22  SCV  
  44  4:23  SCV  
  40  5:02  Widow Mine  
  40  5:06  SCV  
  39  5:08  Viking  
  41  5:18  SCV  
  41  5:21  Engineering Bay  
  42  5:28  Refinery  
  42  5:30  SCV  
  42  5:31  SCV  
  42  5:34  Refinery  
  44  5:43  Starport x2, SCV  
  45  5:55  SCV  
  44  5:58  Hi-Sec Auto Tracking  
  44  6:02  SCV, Missile Turret  
  45  6:04  Missile Turret  
  45  6:07  SCV  
  45  6:14  SCV  
  45  6:19  SCV  
  45  6:21  Siege Tank  
  45  6:23  Starport Tech Lab  
  45  6:24  Starport Tech Lab  
  49  6:26  Marine  
  49  6:27  SCV  
  49  6:31  SCV, Fusion Core  
  52  6:37  Command Center  
  52  6:39  SCV  
  53  6:44  SCV  
  53  6:46  Command Center  
  54  6:51  SCV, Marine x2  
  57  6:56  SCV, Bunker  
  58  7:03  Starport Tech Lab, Sensor Tower  
  58  7:07  Siege Tank  
  61  7:11  SCV x2  
  63  7:23  SCV, Weapon Refit  
  64  7:33  SCV, Missile Turret  
  65  7:43  SCV  
  66  7:48  SCV  
  66  7:49  Battlecruiser  
  73  7:56  SCV  
  73  7:58  Orbital Command  
  74  8:01  Orbital Command  
  74  8:06  SCV  
  74  8:07  Missile Turret  
  74  8:08  SCV  
  74  8:10  Battlecruiser  
  82  8:18  Refinery, SCV  
  83  8:20  SCV  
  83  8:21  Refinery  
  83  8:22  Battlecruiser  
  90  8:30  SCV x2  
  90  8:32  SCV  
  93  8:38  Supply Depot  
  93  8:39  Supply Depot x2  
  93  8:42  SCV x2  
  93  8:43  Armory  
  93  8:45  Armory  
  95  8:54  SCV  
  96  9:07  Missile Turret x2  
  96  9:08  Missile Turret  
  96  9:18  Factory  
  96  9:19  Factory  
  96  9:22  Factory, Battlecruiser  
  102  9:26  SCV  
  103  9:38  Command Center  
  103  9:42  Missile Turret  
  103  9:43  Missile Turret  
  103  9:44  Terran Vehicle And Ship Armor Level 1, Terran Ship Weapons Level 1  
  103  9:48  Missile Turret  
  103  9:51  Missile Turret, Siege Tank  
  103  9:52  Drilling Claws  
  106  9:54  SCV  
  106  9:57  SCV  
  108  10:07  Factory Tech Lab  
  108  10:08  Factory Tech Lab  
  108  10:14  Widow Mine x2  
  112  10:18  Command Center  
  112  10:23  Supply Depot  
  112  10:24  Supply Depot  
  112  10:25  Battlecruiser  
  118  10:29  Battlecruiser  
  124  10:37  Refinery  
  124  10:41  Refinery  
  124  10:44  SCV x2  
  126  10:50  Planetary Fortress  
  126  10:53  Missile Turret  
  126  10:54  SCV  
  126  10:55  SCV  
  126  10:56  SCV  
  129  11:02  Widow Mine x2  
  133  11:05  Siege Tank  
  133  11:07  Siege Tank  
  133  11:10  Siege Tank  
  142  11:11  SCV  
  142  11:12  SCV  
  142  11:14  SCV x2  
  146  11:20  Missile Turret  
  146  11:37  Widow Mine x2  
  146  11:38  Terran Vehicle Weapons Level 1  
  146  11:39  Battlecruiser  
  156  11:41  Battlecruiser  
  104  13:17  Battlecruiser x2  
  104  13:40  Widow Mine x2  
  104  13:41  Siege Tank x3  
  111  14:07  Battlecruiser  
  111  14:15  Starport  
  111  14:16  Starport  
  111  14:18  Starport  
  111  14:20  Starport  
  111  14:21  Siege Tank x3  
  111  14:23  Widow Mine x2  
  124  14:28  Terran Vehicle And Ship Armor Level 2, Terran Ship Weapons Level 2  
  124  15:06  Starport Tech Lab  
  124  15:07  Starport Tech Lab x2  
  124  15:08  Starport Tech Lab, Battlecruiser x2  
  126  15:27  Widow Mine x2, Thor x2  
  127  15:55  Battlecruiser x3  
  127  15:56  Battlecruiser  
  143  16:02  Battlecruiser  
  146  16:04  Widow Mine  
  146  16:05  Widow Mine  
  141  16:16  Orbital Command  
  133  16:35  Battlecruiser  
  133  16:36  Battlecruiser  
  139  17:17  Starport Tech Lab  
  139  17:18  Starport Tech Lab, Battlecruiser  
  133  17:36  Widow Mine x2  
  137  17:37  Siege Tank  
  137  17:40  Battlecruiser  
  93  18:14  Siege Tank  
  93  18:16  Widow Mine, Terran Vehicle Weapons Level 2  
  76  18:42  Starport Tech Lab x4  
  71  19:02  Command Center  
  65  19:22  Missile Turret  
  65  19:24  Missile Turret x2  
Show
View Real Time Build Order
Export as new Build Order

ÐěŗĐěůţŝċħę Protoss 

Build Orders: Forge Fast Expand (FFE), Zealot Archon 

Get SALT Encoding   

  12  0:03  Probe  
  13  0:17  Pylon  
  13  0:22  Probe  
  14  0:34  Probe (Chrono Boost)  
  15  0:46  Probe (Chrono Boost), Forge  
  16  0:51  Probe (Chrono Boost)  
  17  1:08  Pylon  
  16  1:26  Nexus  
  16  1:32  Probe  
  17  1:37  Photon Cannon  
  17  1:40  Pylon  
  17  1:44  Probe (Chrono Boost)  
  19  1:54  Probe (Chrono Boost)  
  19  1:59  Probe (Chrono Boost)  
  20  2:09  Gateway  
  20  2:10  Probe (Chrono Boost)  
  20  2:14  Photon Cannon  
  21  2:22  Probe (Chrono Boost)  
  22  2:23  Assimilator  
  22  2:26  Assimilator  
  23  2:30  Probe (Chrono Boost)  
  23  2:38  Probe (Chrono Boost)  
  23  2:41  Probe (Chrono Boost)  
  25  2:49  Probe (Chrono Boost)  
  26  2:51  Probe (Chrono Boost)  
  26  2:52  Assimilator  
  26  2:53  Probe (Chrono Boost)  
  27  3:01  Pylon  
  27  3:04  Probe  
  28  3:09  Cybernetics Core  
  28  3:16  Probe x2  
  30  3:26  Assimilator  
  30  3:28  Probe x2  
  32  3:40  Probe  
  32  3:41  Probe  
  34  3:43  Stalker (Chrono Boost)  
  34  3:47  Warp Gate (Chrono Boost)  
  36  3:52  Probe  
  36  3:53  Probe  
  38  4:01  Shield Battery  
  38  4:02  Pylon  
  38  4:04  Probe  
  38  4:05  Probe  
  38  4:07  Gateway  
  40  4:12  Stalker  
  42  4:25  Probe  
  42  4:26  Robotics Facility  
  43  4:31  Photon Cannon  
  43  4:37  Probe  
  44  4:40  Photon Cannon  
  44  4:45  Twilight Council  
  44  4:46  Stalker (Chrono Boost)  
  44  4:52  Probe  
  47  4:57  Photon Cannon  
  47  5:01  Shield Battery  
  47  5:05  Probe  
  48  5:14  Observer (Chrono Boost)  
  49  5:18  Probe  
  50  5:29  Gateway  
  50  5:31  Pylon  
  50  5:32  Shield Battery  
  50  5:34  Pylon  
  50  5:44  Dark Shrine  
  50  5:52  Stalker x2  
  54  6:21  Gateway x2  
  54  6:22  Stalker x2  
  54  6:25  Gateway  
  58  6:29  Stalker  
  60  6:36  Pylon  
  60  6:45  Templar Archives  
  60  6:54  Nexus  
  60  6:55  Pylon  
  60  7:00  Probe  
  62  7:01  Observer (Chrono Boost)  
  62  7:08  Dark Templar  
  62  7:09  Dark Templar x2  
  62  7:12  Probe  
  69  7:17  Psionic Storm  
  69  7:19  Archon  
  69  7:31  Stalker  
  69  7:32  Stalker x2  
  69  7:35  Photon Cannon  
  75  7:40  Photon Cannon, Shield Battery  
  75  7:42  Pylon  
  75  7:46  Stalker  
  75  7:47  Stalker x2  
  81  7:51  Assimilator  
  81  7:56  Assimilator  
  81  7:59  Observer (Chrono Boost)  
  82  8:07  Dark Templar x2  
  82  8:08  Dark Templar  
  88  8:13  Dark Templar x2  
  88  8:16  Probe (Chrono Boost)  
  93  8:26  Probe (Chrono Boost)  
  94  8:29  Stalker  
  94  8:31  Probe (Chrono Boost)  
  97  8:42  Probe  
  94  8:49  Archon x2  
  94  8:56  Stalker x3  
  94  8:57  Stalker x3  
  106  9:04  Pylon  
  106  9:08  Probe  
  106  9:09  Protoss Ground Weapons Level 1 (Chrono Boost)  
  107  9:20  Probe  
  107  9:21  High Templar x3  
  107  9:22  High Templar x2  
  118  9:25  Stalker  
  120  9:32  Probe  
  121  9:44  Probe  
  122  9:46  Nexus  
  122  9:49  Pylon  
  122  9:54  Photon Cannon  
  122  9:55  Photon Cannon  
  122  9:57  Probe, Robotics Bay  
  123  10:00  Pylon  
  123  10:07  Photon Cannon  
  123  10:08  Pylon  
  123  10:09  Probe  
  123  10:10  Shield Battery  
  124  10:21  Observer  
  124  10:26  Dark Templar x4  
  132  10:29  High Templar x2  
  132  10:32  Archon x2  
  136  10:46  Photon Cannon  
  136  10:48  Photon Cannon, Shield Battery  
  136  10:51  Shield Battery  
  134  11:12  Stargate  
  134  11:13  Stargate  
  134  11:16  Stargate  
  134  11:20  Dark Templar x3  
  134  11:21  Dark Templar  
  134  11:24  Stalker  
  144  11:34  Assimilator  
  144  11:39  Assimilator  
  144  11:42  Archon x2  
  144  11:46  Stalker  
  146  11:50  Gateway  
  146  11:51  Stalker  
  146  11:53  Gateway, High Templar  
  146  11:54  Gateway, High Templar  
  142  12:28  Stalker x3  
  142  12:29  Stalker x3  
  101  13:04  Stalker x3  
  101  13:05  Stalker x5  
  115  13:06  Stalker  
  87  13:43  Void Ray, Dark Templar x2  
  87  13:44  Dark Templar x6  
  87  13:45  Dark Templar  
  103  14:02  Archon x4  
  102  14:12  Void Ray x2  
  102  14:23  Zealot x4  
  102  14:24  Zealot, Stalker  
  120  14:25  Stalker  
  123  14:40  Stalker x2  
  123  14:43  Probe  
  128  14:55  Probe  
  120  15:07  Probe  
  120  15:12  Stalker  
  120  15:13  Stalker x3  
  125  15:14  Stalker x2  
  125  15:19  Probe  
  122  15:31  Probe  
  109  15:44  Stalker x2  
  109  15:49  High Templar x4  
  113  16:17  Stalker  
  113  16:18  Stalker  
  95  16:31  Void Ray x3 (Chrono Boost)  
  73  16:34  Stalker  
  73  16:35  Stalker x3  
  77  16:47  Stalker x2  
  81  16:59  Void Ray x2 (Chrono Boost), Dark Templar  
  81  17:00  Dark Templar x3  
  89  17:07  Void Ray (Chrono Boost)  
  95  17:27  Zealot x2  
  99  17:30  Void Ray (Chrono Boost)  
  99  17:47  Nexus  
  91  17:51  Dark Templar  
  91  17:52  Dark Templar x2  
  91  17:53  Zealot x2  
  56  18:58  Dark Templar x3  
  56  18:59  Dark Templar  
Tags
 
Add a new tag
Caveats
  • Supply blocks, unpowered buildings, or Contaminate may cause inaccurate times.
  • Supply counts are checked every 10 seconds.